 Dungeon Crawl Stone Soup version 0.18-a0-738-g888b110 (webtiles) character file.

3313 Arkorax the Fighter (level 9, -3/81 HPs)
             Began as a Demigod Gladiator on Dec 11, 2015.
             Slain by a killer bee (8 damage)
             ... on level 8 of the Dungeon.
             The game lasted 00:12:56 (7629 turns).

Arkorax the Fighter (Demigod Gladiator)             Turns: 7629, Time: 00:12:56

Health: -3/81      AC:  1    Str: 20    XL:     9   Next: 43%
Magic:  11/11      EV: 12    Int: 14    God:
Gold:   365        SH:  5    Dex: 16    Spells: 0 memorised, 8 levels left

rFire  . . .     SeeInvis +     H - +2 falchion (flame)
rCold  + + .     Clarity  .     B - +1 ring mail of a sewer {rC+ Dex-2 SInv}
rNeg   + . .     SustAt   +     G - +0 buckler
rPois  .         Gourm    .     c - +0 helmet
rElec  .         Spirit   .     (no cloak)
rCorr  .         Dismiss  .     (no gloves)
rMut   .         Stasis   .     m - +0 pair of boots
MR     .....                    (no amulet)
Stlth  +.........               M - ring of positive energy
                                F - ring of protection from cold

@: lethally poisoned (-3 -> -10), corroded equipment, not resistant to hostile
enchantments, very unstealthy
A: high mp 1, sustain attributes
a: no special abilities


You were on level 8 of the Dungeon.
You were not hungry.

You visited 1 branch of the dungeon, and saw 8 of its levels.

You collected 365 gold pieces.

Inventory:

Hand Weapons
 a - a +0 long sword
 v - a +1 short sword of distortion
 y - a +1 longbow of evasion
 H - a +2 falchion of flaming (weapon)
 P - the +8 dagger of Gozag {pain, +Blink rPois rN++ Stlth+}
   (You found it on level 8 of the Dungeon)

   In the hands of one skilled in necromantic magic, it inflicts extra damage on
   living creatures.
   It protects you from poison.
   It greatly protects you from negative energy.
   It lets you blink.
   It makes you more stealthy.
Missiles
 d - 2 throwing nets (quivered)
 A - 108 arrows
Armour
 c - a +0 helmet (worn)
 m - a +0 pair of boots (worn)
 x - a +0 chain mail
 z - a +0 plate armour
 B - the +1 ring mail of a sewer (worn) {rC+ Dex-2 SInv}
   (You took it off an orc on level 4 of the Dungeon)

   It affects your dexterity (-2).
   It protects you from cold.
   It lets you see invisible.
 D - a +0 shield
 G - a +0 buckler (worn)
Jewellery
 F - a ring of protection from cold (left hand)
 K - an uncursed ring of sustain attributes
 M - a ring of positive energy (right hand)
Wands
 u - a wand of slowing (18)
 L - a wand of fireball (6)
 O - a wand of random effects (17)
Scrolls
 f - 2 scrolls of recharging {unknown}
 g - 7 scrolls of identify
 h - 3 scrolls of teleportation
 j - 3 scrolls of enchant armour {unknown}
 k - 3 scrolls of remove curse
 n - a scroll of amnesia {unknown}
 p - a scroll of fear
 C - a scroll of magic mapping
 I - a scroll of acquirement {unknown}
Potions
 b - a potion of might {unknown}
 o - a potion of heal wounds {unknown}
 q - a potion of ambrosia {unknown}
 s - 2 potions of brilliance {unknown}
 t - 2 potions of haste
 w - a potion of cancellation
 E - a potion of mutation {unknown}
 N - a potion of cure mutation {unknown}
Comestibles
 e - 2 bread rations
 l - 4 meat rations
 r - 3 beef jerkies
 J - 4 slices of pizza


   Skills:
 + Level 8.3 Fighting
 + Level 8.3 Long Blades
 - Level 1.7 Throwing
 + Level 3.5 Armour
 - Level 2.6 Dodging
 - Level 4.0 Shields


You had 8 spell levels left.
You didn't know any spells.

Dungeon Overview and Level Annotations

Branches:
Dungeon (8/15)             Temple (0/1) D:7
   Lair: D:8-11

Shops:
D:3 *   D:4 *


Innate Abilities, Weirdness & Mutations

You have an increased reservoir of magic (+10% MP).
Your attributes are resistant to harm.


Message History

The killer bee closely misses you.
You hit the killer bee but do no damage.
The killer bee is moderately wounded.
You feel sick. The killer bee stings you! The killer bee barely misses you.
The killer bee closely misses you. The killer bee barely misses you.
You hit the killer bee but do no damage.
The killer bee is moderately wounded.
You feel sick. The killer bee stings you! The killer bee closely misses you.
You hit the killer bee but do no damage.
The killer bee is moderately wounded.
You feel sick. The killer bee stings you!
* * * LOW HITPOINT WARNING * * *
You block the killer bee's attack. The killer bee barely misses you.
The killer bee misses you.
Drink which item? (? for menu, Esc to quit)
It was a potion of cancellation.
You feel magically purged.
You feel sick. The killer bee stings you!
* * * LOW HITPOINT WARNING * * *
The killer bee stings you!
You die...

*,* *,* *,* #.# **** #.#
,,,*****####.## ###
,,,,,,,,#.#...#######.##
,,,**##,,#..(........#.#
*,,,,...*##....y@y..#.##
**,,,*#..#...##.###.#.#####
**,,,**,#...)...#.........#
,*,,,,,,###..####.#.#.###.#
##.#,**** #..####.#.#.###.#
#...,* ##.........#...>.#
#..#** ##.....##.#######J#
...## ##.....>.#.# ##.##.#
....####..........###...#.#


You could see 2 killer bees.

Vanquished Creatures
  A queen bee (D:8)
  A deep elf fighter (D:7)
  Eustachio (D:5)
  4 ice beasts
  2 ogres
  A phantom (D:5)
  2 sky beasts (D:5)
  An orc warrior (D:8)
  2 centaurs (D:8)
  2 giant frogs
  A gnoll sergeant (D:6)
  2 scorpions
  12 killer bees
  3 crimson imps
  A hound (D:4)
  2 jellies
  A giant frog skeleton (D:5)
  3 orc priests
  A centaur skeleton (D:5)
  9 orc wizards
  A worker ant (D:4)
  An iguana (D:7)
  2 hound skeletons
  8 adders
  10 gnolls
  A shadow imp (D:5)
  An ooze (D:4)
  An adder skeleton (D:5)
  3 giant geckos
  31 orcs
  A giant cockroach (D:3)
  9 hobgoblins
  5 kobolds
  A quokka (D:4)
  10 bats
  5 giant newts
  7 goblins
  4 rats
153 creatures vanquished.

Notes
Turn   | Place    | Note
--------------------------------------------------------------
     0 | D:1      | Arkorax the Demigod Gladiator began the quest for the Orb.
     0 | D:1      | Reached XP level 1. HP: 17/17 MP: 3/3
   323 | D:1      | Reached skill level 3 in Long Blades
   323 | D:1      | Reached XP level 2. HP: 19/24 MP: 4/4
   887 | D:2      | Reached XP level 3. HP: 19/30 MP: 5/5
  1046 | D:2      | Found a faded altar to an unknown god.
  1308 | D:2      | Found a shattered altar of Ashenzari.
  1311 | D:2      | Found a shadowy altar of Dithmenos.
  1314 | D:2      | Found an oddly glowing altar of Pakellas.
  1484 | D:3      | Found a sparkling altar of Nemelex Xobeh.
  1540 | D:3      | Reached XP level 4. HP: 30/38 MP: 6/6
  1717 | D:3      | Found a radiant altar of Vehumet.
  1723 | D:3      | Found Zin's Purification Station.
  1723 | D:3      | Found a glowing silver altar of Zin.
  1873 | D:3      | Found a stormy altar of Qazlal.
  1935 | D:3      | Found a sacrificial altar of Ru.
  1958 | D:3      | Reached skill level 4 in Long Blades
  2218 | D:4      | Reached XP level 5. HP: 46/46 MP: 7/7
  2496 | D:4      | Noticed an ogre
  2550 | D:4      | Killed an ogre
  2856 | D:4      | Found Ikhoguok's Elemental Accessories.
  2863 | D:4      | Reached XP level 6. HP: 45/53 MP: 8/8
  2872 | D:4      | Got a spiked ring mail
  2883 | D:4      | Identified the cursed +1 ring mail of a sewer {rC+ Dex-2 SInv} (You took it off an orc on level 4 of the Dungeon)
  2998 | D:5      | Entered Level 5 of the Dungeon
  3060 | D:5      | Reached skill level 5 in Long Blades
  3112 | D:5      | Reached skill level 5 in Fighting
  3239 | D:5      | Noticed Eustachio
  3367 | D:5      | Killed Eustachio
  3367 | D:5      | Reached XP level 7. HP: 29/62 MP: 9/9
  3618 | D:5      | Reached skill level 6 in Long Blades
  3990 | D:5      | Found an iron altar of Okawaru.
  4312 | D:5      | Reached XP level 8. HP: 62/71 MP: 10/10
  4717 | D:6      | Reached skill level 1 in Shields
  4876 | D:6      | Found a bloodstained altar of Trog.
  4971 | D:5      | Reached skill level 7 in Fighting
  5879 | D:7      | Found a staircase to the Ecumenical Temple.
  6255 | D:7      | Reached skill level 1 in Armour
  6502 | D:7      | Reached XP level 9. HP: 67/79 MP: 11/11
  6719 | D:8      | Got a polished dagger
  6730 | D:8      | Identified the +8 dagger of Gozag {pain, +Blink rPois rN++ Stlth+} (You found it on level 8 of the Dungeon)
  7025 | D:8      | Reached skill level 8 in Long Blades
  7629 | D:8      | Slain by a killer bee

Vault maps used:
D:1:      scummos_arrival_star
D:2:      grunt_temple_overflow_diamond, ecumenical_altar_1,
          minmay_misc_feat_pillars
D:3:      zin_purify, marbit_many_paths, vehumet_crystals,
          nicolae_ru_awakened_eye, lemuel_coloured_pillars_altar
D:4:      nicolae_elemental_shop
D:5:      okawaru_altar_gauntlet_db, first_bread, uniq_eustachio
D:6:      lightli_temple_of_fire, wad_floor_pattern_1
D:7:      minmay_temple_entry_hall, guppyfry_early_elven_hall
D:8:      david_nohive_1

Action                   |  1- 3 |  4- 6 |  7- 9 || total
-------------------------+-------+-------+-------++-------
Melee: Long sword        |   133 |   185 |    83 ||   401
       Falchion          |       |       |   302 ||   302
       Dagger            |       |       |    67 ||    67
 Fire: Longbow           |       |    26 |    15 ||    41
Throw: Throwing net      |       |     4 |     2 ||     6
  Use: Scroll            |       |       |     6 ||     6
       Potion            |       |       |    10 ||    10
 Stab: Held in net/web   |       |     1 |       ||     1
  Eat: Chunk             |     1 |     1 |     4 ||     6
       Pizza             |     1 |       |       ||     1
       Bread ration      |       |     1 |     1 ||     2
       Meat ration       |       |       |     2 ||     2
